Map: Winter's Gate LE

Players

PtitDrogo

  • Race: Protoss Protoss
  • League: Grandmaster
  • Spawn Location: 5:00

Serral - Winner!

  • Race: Zerg Zerg
  • League: Master
  • Spawn Location: 11:00

Event: NationWars 2019

VOD

Have the link to the VOD?

Description

Time

  • Played on: Nov. 14, 2019, 4:51 p.m.
  • Length: 6:52

All games in this series

Show
View Real Time Build Order
Export as new Build Order

PtitDrogo Protoss 

Build Orders: 1 Gate Expand, Oracle Opening 

Get SALT Encoding   

  12  0:00  Probe  
  13  0:12  Probe  
  14  0:20  Pylon  
  14  0:24  Probe  
  15  0:38  Probe (Chrono Boost)  
  15  0:39  Gateway  
  16  0:47  Probe (Chrono Boost)  
  16  0:49  Assimilator  
  17  0:52  Probe  
  18  1:05  Probe  
  19  1:17  Probe  
  20  1:24  Nexus  
  20  1:35  Cybernetics Core  
  20  1:37  Probe  
  21  1:43  Assimilator  
  21  1:49  Probe  
  21  1:53  Pylon  
  22  2:02  Probe  
  23  2:09  Adept (Chrono Boost)  
  23  2:14  Probe  
  26  2:18  Stargate  
  26  2:28  Probe (Chrono Boost)  
  27  2:31  Stalker  
  27  2:36  Probe (Chrono Boost)  
  30  2:40  Probe (Chrono Boost)  
  31  2:47  Probe (Chrono Boost)  
  31  2:48  Probe (Chrono Boost)  
  33  2:51  Probe (Chrono Boost)  
  33  2:54  Probe  
  35  3:01  Oracle (Chrono Boost)  
  35  3:02  Probe  
  39  3:06  Probe  
  40  3:15  Probe  
  40  3:18  Probe  
  40  3:20  Adept  
  40  3:23  Pylon  
  40  3:25  Warp Gate (Chrono Boost)  
  42  3:27  Probe  
  42  3:32  Gateway  
  42  3:33  Oracle (Chrono Boost)  
  46  3:41  Probe x2  
  48  3:53  Probe  
  49  3:57  Pylon  
  49  3:59  Probe  
  49  4:01  Nexus  
  50  4:05  Probe  
  50  4:09  Assimilator  
  51  4:11  Probe, Assimilator, Twilight Council  
  51  4:14  Forge  
  52  4:18  Probe  
  52  4:23  Probe, Robotics Facility  
  54  4:30  Probe  
  55  4:35  Probe  
  56  4:42  Charge, Probe  
  54  4:48  Protoss Ground Weapons Level 1 (Chrono Boost), Probe  
  55  4:54  Probe  
  56  5:00  Probe, Gateway x2  
  56  5:03  Gateway x2  
  56  5:06  Probe  
  58  5:11  Adept  
  58  5:12  Probe  
  58  5:14  Sentry  
  63  5:18  Probe, Observer (Chrono Boost)  
  63  5:20  Probe  
  66  5:24  Probe  
  66  5:27  Pylon  
  67  5:30  Probe  
  67  5:31  Pylon  
  67  5:32  Probe  
  69  5:36  Probe  
  69  5:40  Immortal (Chrono Boost)  
  69  5:42  Probe  
  72  5:46  Shield Battery  
  72  5:47  Zealot x2  
  78  5:50  Pylon, Shield Battery  
  78  5:52  Shield Battery  
  78  5:57  Templar Archives  
  78  5:58  Zealot x2  
  78  6:00  Stalker  
  78  6:04  Pylon  
  84  6:09  Zealot x3  
  86  6:25  Stalker x3  
  84  6:26  Probe  
  84  6:32  Zealot x3  
  81  6:35  Pylon  
Show
View Real Time Build Order
Export as new Build Order

Serral Zerg - Winner!

Build Orders: Hatch First 

Get SALT Encoding   

  12  0:00  Drone  
  13  0:12  Overlord  
  13  0:17  Drone  
  14  0:31  Drone x2  
  16  0:47  Hatchery  
  15  0:51  Drone  
  15  0:54  Drone  
  17  0:58  Drone  
  18  1:08  Extractor  
  17  1:13  Spawning Pool  
  17  1:16  Drone  
  17  1:20  Drone  
  18  1:27  Drone  
  19  1:38  Drone  
  20  1:48  Overlord  
  20  2:00  Queen x2  
  20  2:01  Zergling x4  
  26  2:11  Drone x2  
  26  2:12  Metabolic Boost  
  28  2:21  Drone  
  28  2:22  Drone  
  30  2:37  Hatchery  
  30  2:39  Drone  
  30  2:43  Queen  
  32  2:49  Overlord  
  32  2:51  Drone  
  33  2:54  Drone  
  33  2:55  Drone  
  35  2:58  Drone  
  36  3:08  Drone x2  
  36  3:09  Drone x3  
  41  3:16  Overlord  
  41  3:21  Queen  
  41  3:24  Drone  
  43  3:36  Lair  
  43  3:37  Drone x3  
  47  3:41  Drone x3  
  47  3:43  Spore Crawler  
  48  3:49  Drone, Queen  
  48  3:50  Overlord  
  48  3:52  Drone  
  54  3:55  Drone x2  
  54  4:02  Spore Crawler, Overlord  
  53  4:07  Spore Crawler, Zergling x2  
  53  4:08  Zergling x4  
  56  4:12  Extractor  
  56  4:13  Roach Warren  
  56  4:14  Drone  
  55  4:17  Extractor  
  55  4:21  Drone x3  
  57  4:27  Zergling x6  
  60  4:31  Overlord  
  60  4:34  Overlord  
  58  4:44  Drone  
  55  4:47  Drone x2  
  56  4:54  Roach x5  
  66  5:00  Roach x2  
  66  5:06  Roach x2  
  74  5:12  Roach x2  
  78  5:17  Roach x2  
  81  5:22  Overlord  
  81  5:27  Ravager x2  
  81  5:28  Overlord  
  83  5:33  Zergling x2  
  83  5:34  Zergling x8  
  88  5:38  Zergling x2  
  88  5:42  Ravager, Overlord  
  90  5:43  Ravager  
  90  5:45  Zergling x4  
  93  5:53  Ravager  
  93  5:54  Overlord  
  94  5:58  Zergling x10  
  94  6:03  Ravager  
  99  6:15  Zergling x16  
  102  6:23  Zergling x2  
  103  6:27  Ravager x2  
  103  6:28  Zergling x2  
  103  6:29  Zergling x2  
Tags
 
Add a new tag
Caveats
  • Supply blocks, unpowered buildings, or Contaminate may cause inaccurate times.
  • Supply counts are checked every 10 seconds.